AoeStats
← perromelocoton

Arabia

504263593Analyzed
1v1 RM · 27d ago on Sep 4, 2026· 24m 21s· 2 players
Game mode
Random Map
Map size
Tiny (2 player)
Population
200
Speed
Normal
Resources
Standard
Victory
Conquest
Starting age
Dark Age
Ending age
Imperial Age
RankedLock teamsTeams togetherTeam positionsShared explorationLock speedFull tech treeHidden civsTurbo modeCheats
Victory
Defeat
🇲🇽 Wei · Mexico
917
+17
🇪🇸 Gurjaras · Spain
929
-17
Liv carlosa
8:51 Loom
11:11 Feudal Age
11:45 Double-Bit Axe
11:42 Horse Collar
11:53 Gold Mining
20:15 Castle Age
19:26 Fletching
19:36 Stone Mining
21:06 Bow Saw
20:58 Heavy Plow
21:34 Gold Shaft Mining
22:02 Bodkin Arrow
24:48 Wheelbarrow
perromelocoton
2:17 Loom
10:33 Feudal Age
11:18 Double-Bit Axe
18:37 Castle Age
19:09 Man-at-Arms
20:27 Scale Mail Armor
20:40 Bow Saw
23:55 Redemption
23:40 Horse Collar
Connection lost

Rejoining the realm…

Still unreachable

The connection could not be restored.

Session expired

The server has moved on; the page needs a fresh start.